cohdb
Replays
Latest Replays
All Replays
Popular Replays
Top Player Replays
Match Explorer
How It Works
Community
CoH3 Stats
Reddit
Sign in to upload your games and track your stats! →
Sign in with Steam
Match 39697071
Unlisted
Match 39697071
Overview
Messages
Build Orders
End
Kettenkrad Recon Vehicle
Construct Infanterie Kompanie
Selects Terror Battlegroup
Selects Machine Gun Camouflage
MG 42 Machine Gun Team
Grenadier Squad
Grenadier Squad
Construct Panzergrenadier Kompanie
Selects Interrogate
251 Medium Carrier
Forward Retreat Point
Infanterie Officer Quarters
Pak 40 Anti-tank Gun Team
Support Elements
Lord Garithos
Nashorn101
Wonder
搞点绿化带77叭
0
0
Comments
sign in to comment!
No comments posted yet!